 Dungeon Crawl Stone Soup version 0.14-a0-3367-g7c2a7eb (webtiles) character file.

2950 Kae the Conjurer (level 9, -1/45 HPs)
             Began as a Tengu Fire Elementalist on Mar 19, 2014.
             Was a Priest of Vehumet.
             Slain by an orc warrior
             ... wielding a +0,+0 short sword
              (13 damage)
             ... on Level 7 of the Dungeon.
             The game lasted 00:17:35 (9351 turns).

Kae the Conjurer (Tengu Fire Elementalist)          Turns: 9351, Time: 00:17:35

HP  -1/45        AC  5     Str  9      XL: 9   Next: 53%
MP  11/20        EV 12     Int 18      God: Vehumet [***...]
Gold 444         SH  0     Dex 15      Spells:  6 memorised,  3 levels left

rFire  . . .     SeeInvis +     r - staff of wizardry
rCold  . . .     Clarity  .     p - +0 robe (curse)
rNeg   . . .     Conserve .     (no shield)
rPois  .         rCorr    .     x - +2 hat {SInv}
rElec  .         rRot     .     q - +0 cloak
SustAb . .       Spirit   .     (no gloves)
rMut   .         Warding  .     (boots unavailable)
Saprov . . .     Stasis   .     (no amulet)
MR     .....                    (no ring)
                                (no ring)

@: not resistant to hostile enchantments, fairly stealthy
A: able to fly, beak, talons 3, low mp 1, wild magic 1
a: Fly, Renounce Religion


You were on level 7 of the Dungeon.
You worshipped Vehumet.
Vehumet was most pleased with you.
You were not hungry.

You visited 2 branches of the dungeon, and saw 8 of its levels.
You also visited: Sewer.

You collected 444 gold pieces.

Inventory:

Hand weapons
 l - a +0,+2 dagger
Missiles
 u - 2 tomahawks (quivered)
 M - 3 darts
Armour
 a - a +0 robe
 p - a cursed +0 robe (worn)
 q - a +0 cloak (worn)
 x - a +2 hat of see invisible (worn)
Magical devices
 i - a wand of digging (10)
 K - a wand of enslavement (13) {unknown}
Comestibles
 c - 2 bread rations
 B - 13 strawberries
 C - an apricot
 E - a pear
 H - a meat ration
 S - a rotting chunk of worker ant flesh
 T - a choko
Scrolls
 f - 4 scrolls of remove curse {unknown}
 j - 2 scrolls of recharging {unknown}
 m - 7 scrolls of identify {unknown}
 n - 4 scrolls of fear {unknown}
 o - 4 scrolls of blinking {unknown}
 s - 3 scrolls of random uselessness {unknown}
 v - 2 scrolls of immolation {unknown}
 A - a scroll of teleportation {unknown}
 G - 2 scrolls of noise {unknown}
 I - a scroll of magic mapping {unknown}
 O - a scroll of fog {unknown}
Jewellery
 e - an uncursed ring of poison resistance {unknown}
 h - an uncursed amulet of guardian spirit {unknown}
 t - a cursed ring of hunger {unknown}
 y - an uncursed ring of protection from cold {unknown}
Potions
 d - a potion of brilliance
 g - a potion of cure mutation {unknown}
 k - a potion of heal wounds
 z - a potion of invisibility {unknown}
 D - a potion of haste {unknown}
 F - 2 potions of resistance {unknown}
 J - a potion of restore abilities {unknown}
 L - a potion of paralysis {unknown}
 P - a potion of confusion {unknown}
 R - a potion of agility
Books
 b - a book of Flames

   Spells                             Type                      Level
   *Flame Tongue                      Conjuration/Fire             1
   *Throw Flame                       Conjuration/Fire             2
   *Conjure Flame                     Conjuration/Fire             3
   Inner Flame                        Hexes/Fire                   3
   *Sticky Flame                      Conjuration/Fire             4
   *Fireball                          Conjuration/Fire             5
 w - a book of Envenomations

   Spells                             Type                      Level
   Spider Form                        Transmutation/Poison         3
   Poison Weapon                      Charms/Poison                3
   Alistair's Intoxication            Transmutation/Poison         4
   Olgreb's Toxic Radiance            Poison                       4
   Poisonous Cloud                    Conjuration/Poison/Air       6
Magical staves
 r - an uncursed staff of wizardry (weapon)
 N - an uncursed staff of death {unknown}


   Skills:
 - Level 2.1 Dodging
 - Level 2.0 Stealth
 + Level 5.7 Spellcasting
 * Level 10.1 Conjurations
 * Level 9.3 Fire Magic


You had 3 spell levels left.
You knew the following spells:

 Your Spells              Type           Power        Failure   Level  Hunger
a - Flame Tongue          Conj/Fire      #####        1%          1    None
b - Throw Flame           Conj/Fire      ######       1%          2    None
c - Conjure Flame         Conj/Fire      ######..     1%          3    ##.....
d - Sticky Flame          Conj/Fire      ######..     1%          4    ####...
e - Fireball              Conj/Fire      ######....   1%          5    #####..
f - Shock                 Conj/Air       ####         1%          1    None


Dungeon Overview and Level Annotations

Branches:
Dungeon (7/15)             Temple (1/1) D:4

Altars:
Ashenzari
Cheibriados
Dithmenos
Elyvilon
Fedhas
Makhleb
Nemelex Xobeh
Okawaru
Sif Muna
Trog
Vehumet
Xom
Yredelemnul
Zin
The Shining One

Annotations:
D:3 Natasha


Innate Abilities, Weirdness & Mutations

You can fly.
You have a beak for a mouth.
You have claws for feet.
Your magical capacity is low (-10% MP).
Your spells are a little harder to cast, but a little more powerful.


Message History

Press: ? - help, Shift-Dir - straight line, f - orc wizard
Aim: an orc wizard, wielding a hand axe and wearing a glowing robe The flame hits the orc wizard.
The orc wizard is lightly wounded.
The orc wizard hits you with a hand axe.
The orc warrior hits you with a short sword!
Casting: Flame Tongue
Confirm with . or Enter, or press ? or * to list all spells.
Aiming: Sticky Flame
Press: ? - help, Shift-Dir - straight line, f - orc warrior, p - orc wizard
Aim: an orc warrior, wielding a short sword and wearing a chain mail The sticky flame hits the orc warrior.
The orc warrior is moderately wounded.
The orc warrior is covered in liquid flames!
The orc warrior burns!
The orc wizard gestures at you while chanting.
The puff of flame hits you!
* * * LOW HITPOINT WARNING * * *
The orc warrior hits you with a short sword!
You die...

#..................
##.................
##..................
#...................
###...........(......
#.##......... ..
#.......#...
##.#...#... ...
#....#@)#.# .. ....
##.##oo###.# ..... #
#o## ... ...... .. .
...... #.# .....). ##
....... ......#
........ .#....


You could see an orc warrior (burning), an orc wizard and an orc.

Vanquished Creatures
  Pikel (D:5)
  Prince Ribbit (D:5)
  A hippogriff (D:7)
  An orc warrior (D:7)
  A black bear (D:3)
  2 slaves (D:5)
  An ogre (D:5)
  A giant goldfish (D:5)
  A centaur (D:7)
  A big kobold (D:6)
  2 troll zombies (D:7)
  A crimson imp (D:5)
  An orc priest (D:7)
  A giant frog zombie (D:5)
  6 big fish (D:5)
  A quasit (D:7)
  A yellow wasp zombie (D:6)
  Crazy Yiuf (D:2)
  2 hounds
  A jelly (D:7)
  An iguana (D:4)
  A worker ant (D:7)
  6 orc wizards
  Ijyb (D:2)
  A sky beast zombie (D:5)
  A big kobold skeleton (D:5)
  12 adders
  4 gnolls (D:6)
  5 giant mites
  An inept item mimic (D:4)
  A green rat (D:5)
  A goliath beetle zombie (D:6)
  4 worms
  A shadow imp (D:5)
  7 giant geckos
  23 orcs
  3 ball pythons
  A bat zombie (D:7)
  14 giant cockroaches
  10 hobgoblins
  6 jackals (D:3)
  2 quokkas
  8 bats
  7 giant newts
  11 goblins
  29 kobolds
  A kobold skeleton (D:4)
  9 rats
  A fungus (D:2)
  A plant (D:6)
201 creatures vanquished.

Notes
Turn   | Place    | Note
--------------------------------------------------------------
     0 | D:1      | Kae, the Tengu Fire Elementalist, began the quest for the Orb.
     0 | D:1      | Reached XP level 1. HP: 10/10 MP: 3/3
   516 | D:1      | Reached XP level 2. HP: 13/15 MP: 1/5
  1226 | D:2      | Reached XP level 3. HP: 15/19 MP: 1/7
  1286 | D:2      | Reached skill level 4 in Fire Magic
  1297 | D:2      | Gained mutation: Your magical capacity is low (-10% MP). [potion of mutation]
  1297 | D:2      | Gained mutation: Your spells are a little harder to cast, but a little more powerful. [potion of mutation]
  1384 | D:2      | Found a blossoming altar of Fedhas.
  1482 | D:2      | Noticed Ijyb
  1495 | D:2      | Killed Ijyb
  1495 | D:2      | Reached XP level 4. HP: 13/24 MP: 2/8
  2082 | D:2      | Learned a level 2 spell: Throw Flame
  2086 | D:2      | Learned a level 3 spell: Conjure Flame
  2104 | D:2      | Noticed Crazy Yiuf
  2112 | D:2      | Killed Crazy Yiuf
  2243 | D:3      | Reached XP level 5. HP: 22/28 MP: 5/9
  2383 | D:3      | Noticed Natasha
  2625 | D:3      | Noticed a black bear
  2659 | D:3      | Killed a black bear
  2659 | D:3      | Reached skill level 5 in Fire Magic
  2659 | D:3      | Reached XP level 6. HP: 32/32 MP: 1/12
  3269 | D:4      | Reached skill level 5 in Conjurations
  3420 | D:4      | Learned a level 4 spell: Sticky Flame
  3447 | D:4      | Found a staircase to the Ecumenical Temple.
  3576 | Temple   | Entered the Ecumenical Temple
  3629 | Temple   | Became a worshipper of Vehumet
  4403 | D:5      | Entered Level 5 of the Dungeon
  4495 | D:5      | Found a glowing drain.
  4656 | Sewer    | Entered a sewer
  4672 | Sewer    | Reached XP level 7. HP: 27/36 MP: 10/15
  4695 | Sewer    | Reached skill level 6 in Fire Magic
  4954 | Sewer    | Acquired Vehumet's first power
  4954 | Sewer    | Offered knowledge of Shock by Vehumet.
  5653 | D:5      | Reached skill level 7 in Conjurations
  5653 | D:5      | Reached XP level 8. HP: 33/41 MP: 12/18
  5758 | D:5      | Noticed Prince Ribbit
  5792 | D:5      | Noticed Pikel
  5829 | D:5      | Killed Prince Ribbit
  5886 | D:5      | Killed Pikel
  5886 | D:5      | Reached skill level 5 in Spellcasting
  5886 | D:5      | Reached skill level 8 in Conjurations
  6182 | D:5      | Reached XP level 9. HP: 39/45 MP: 12/19
  6219 | D:5      | Reached skill level 9 in Conjurations
  6364 | D:5      | Learned a level 5 spell: Fireball
  6367 | D:5      | Learned a level 1 spell: Shock
  6426 | D:5      | Offered knowledge of Searing Ray by Vehumet.
  7046 | D:6      | Found a sparkling altar of Nemelex Xobeh.
  7126 | D:6      | Found an iron altar of Okawaru.
  7335 | D:6      | Offered knowledge of Static Discharge by Vehumet.
  7502 | D:6      | Acquired Vehumet's second power
  8970 | D:7      | HP: 2/45 [troll zombie (11)]
  8971 | D:7      | Offered knowledge of Dazzling Spray by Vehumet.
  8971 | D:7      | Reached skill level 10 in Conjurations
  9351 | D:7      | Slain by an orc warrior

Action                   |  1- 3 |  4- 6 |  7- 9 || total
-------------------------+-------+-------+-------++-------
Melee: Unarmed           |    32 |       |       ||    32
       Dagger            |    43 |    67 |       ||   110
       Staff             |       |    21 |    45 ||    66
Throw: Tomahawk          |       |     2 |       ||     2
 Cast: Flame Tongue      |    30 |    83 |   261 ||   374
       Conjure Flame     |       |     2 |     2 ||     4
       Throw Flame       |       |     5 |    30 ||    35
       Shock             |       |       |     4 ||     4
       Sticky Flame      |       |       |     3 ||     3
Evoke: Wand              |       |     1 |       ||     1
  Use: Potion            |     5 |       |     1 ||     6
 Stab: Sleeping          |     4 |       |     1 ||     5
